Map: Acropolis LE

Players

Smeeeger

  • Race: Zerg Zerg
  • League: Platinum
  • Spawn Location: 5:00

Antenna - Winner!

  • Race: Protoss Protoss
  • League: Diamond
  • Spawn Location: 11:00

VOD

Have the link to the VOD?

Description

Time

  • Played on: July 25, 2019, 8:59 a.m.
  • Length: 17:13
Show
View Real Time Build Order
Export as new Build Order

Smeeeger Zerg 

Build Orders: Hatch First, Brood Lord Corruptor 

Get SALT Encoding   

  12  0:01  Drone  
  13  0:13  Overlord  
  13  0:19  Drone  
  14  0:31  Drone x2  
  16  0:40  Drone  
  17  0:46  Drone  
  18  1:01  Hatchery  
  18  1:03  Drone, Extractor  
  17  1:22  Spawning Pool  
  17  1:23  Drone x2  
  18  1:34  Drone  
  19  1:40  Overlord  
  19  2:08  Queen  
  19  2:10  Zergling x4  
  19  2:12  Queen  
  19  2:14  Zergling x2  
  26  2:29  Drone x3  
  29  2:40  Hatchery  
  29  2:41  Drone x2  
  29  2:42  Metabolic Boost  
  30  2:49  Overlord  
  30  2:56  Queen  
  32  3:02  Drone  
  32  3:04  Drone x2  
  33  3:47  Drone  
  33  3:48  Drone x6  
  38  3:49  Overlord x3  
  38  3:52  Queen  
  38  3:54  Queen  
  43  3:57  Lair  
  43  4:01  Roach Warren  
  43  4:02  Drone  
  43  4:04  Evolution Chamber  
  42  4:16  Drone x4  
  42  4:17  Drone x3  
  50  4:24  Drone x4, Extractor  
  50  4:25  Extractor  
  51  4:37  Spore Crawler  
  50  4:39  Spore Crawler  
  49  4:47  Spore Crawler  
  48  4:55  Drone  
  48  4:56  Drone x3  
  52  5:03  Queen  
  54  5:12  Glial Reconstitution  
  54  5:16  Spore Crawler, Drone x2  
  55  5:24  Drone  
  55  5:25  Drone x10  
  66  5:47  Overlord  
  66  5:48  Overlord x2  
  66  5:49  Overseer  
  66  5:50  Pneumatized Carapace  
  66  5:58  Overlord x3  
  66  6:04  Nydus Network  
  65  6:12  Extractor  
  65  6:15  Drone  
  65  6:16  Drone x2  
  67  6:18  Extractor  
  67  6:19  Extractor  
  67  6:25  Roach x6  
  77  6:26  Roach  
  79  6:33  Drone  
  79  6:34  Drone x2  
  79  6:39  Drone x3  
  85  6:59  Zergling x2  
  85  7:00  Zergling x18  
  93  7:04  Hatchery  
  92  7:13  Zerg Missile Weapons Level 1  
  92  7:14  Evolution Chamber  
  91  7:15  Evolution Chamber  
  83  7:43  Infestation Pit  
  74  7:44  Roach  
  74  7:45  Roach x17  
  74  7:48  Zerg Ground Armor Level 1, Zerg Melee Weapons Level 1  
  74  7:51  Overlord  
  103  7:58  Hatchery  
  103  8:00  Hatchery  
  101  8:19  Drone x3  
  108  8:20  Drone x8  
  108  8:26  Hive  
  112  8:29  Spire  
  111  8:35  Drone  
  111  8:37  Overlord x4  
  111  8:38  Overseer  
  112  8:43  Spore Crawler  
  111  8:58  Ravager  
  111  8:59  Ravager x5  
  117  9:06  Drone x2  
  117  9:07  Drone x2  
  131  9:18  Drone x5  
  131  9:19  Drone  
  136  9:30  Overlord x4  
  136  9:34  Swarm Host  
  136  9:35  Extractor x2  
  146  10:04  Nydus Canal  
  144  10:31  Corruptor x8  
  133  10:58  Swarm Host  
  133  10:59  Corruptor x3  
  142  11:05  Greater Spire  
  142  11:07  Zergling x28  
  156  11:30  Zergling x24  
  168  11:55  Spine Crawler  
  168  11:56  Spine Crawler x2  
  168  11:58  Drone x3, Spine Crawler  
  168  11:59  Drone x3, Spine Crawler  
  168  12:00  Drone, Spine Crawler x3  
  168  12:01  Spine Crawler  
  166  12:05  Spine Crawler  
  166  12:07  Zerg Ground Armor Level 2, Spore Crawler, Zerg Missile Weapons Level 2, Spine Crawler  
  161  12:09  Spine Crawler  
  119  12:28  Zergling x34  
  119  12:29  Zergling x2  
  129  12:39  Brood Lord x5  
  129  12:40  Brood Lord  
  129  12:42  Infestor  
  143  12:44  Zergling x10  
  148  12:58  Burrow  
  148  13:03  Drone  
  148  13:04  Drone x2  
  151  13:15  Overlord x3  
  151  13:16  Overlord x2  
  151  13:17  Hatchery  
  150  13:32  Corruptor  
  150  13:33  Corruptor x9  
  170  13:35  Zergling x20  
  180  13:43  Adrenal Glands  
  180  13:46  Queen  
  147  14:24  Zergling x18  
  147  14:25  Zergling x44  
  156  14:38  Zergling x2  
  156  14:39  Zergling x14  
  152  14:47  Brood Lord x5  
  89  15:30  Drone  
  89  15:31  Drone x6  
  89  15:32  Zergling x10  
  86  15:36  Zergling x4  
  86  15:37  Zergling x8  
  92  15:55  Roach  
  92  15:56  Roach x11  
  116  16:17  Roach x13  
  142  16:24  Drone  
  142  16:25  Drone x3  
  146  16:31  Corruptor x13  
Show
View Real Time Build Order
Export as new Build Order

Antenna Protoss - Winner!

Build Orders: Phoenix Opening 

Get SALT Encoding   

  12  0:01  Probe  
  13  0:13  Probe  
  14  0:17  Pylon  
  14  0:25  Probe  
  15  0:29  Assimilator  
  15  0:33  Probe  
  15  0:41  Probe  
  17  0:51  Pylon  
  17  0:52  Probe  
  18  1:04  Probe  
  19  1:12  Probe  
  19  1:13  Gateway  
  20  1:20  Probe  
  20  1:24  Pylon  
  21  1:30  Probe  
  21  1:32  Assimilator  
  22  1:42  Probe  
  23  2:02  Nexus  
  23  2:20  Cybernetics Core  
  23  2:23  Gateway  
  23  2:26  Probe  
  24  2:36  Pylon  
  24  2:38  Probe  
  24  2:43  Zealot  
  27  2:53  Probe  
  28  2:58  Shield Battery  
  28  3:00  Warp Gate  
  28  3:06  Stargate  
  28  3:09  Probe  
  29  3:18  Zealot  
  31  3:21  Stalker  
  33  3:44  Phoenix  
  33  3:45  Pylon  
  33  3:48  Probe x2  
  37  4:00  Probe x2  
  39  4:07  Phoenix  
  39  4:08  Shield Battery  
  41  4:12  Probe  
  42  4:17  Robotics Facility  
  42  4:30  Probe x2  
  44  4:32  Phoenix  
  46  4:41  Assimilator  
  46  4:42  Probe  
  46  4:43  Probe, Assimilator  
  48  4:54  Probe  
  48  4:55  Probe  
  48  4:56  Pylon  
  48  4:57  Phoenix  
  48  4:59  Pylon  
  52  5:03  Forge  
  52  5:09  Probe x2  
  54  5:16  Sentry  
  54  5:17  Sentry  
  59  5:21  Probe  
  59  5:22  Immortal  
  59  5:25  Probe  
  64  5:33  Probe  
  65  6:01  Immortal, Twilight Council  
  69  6:07  Pylon  
  69  6:09  Probe x2  
  69  6:10  Forge  
  71  6:13  Zealot  
  71  6:14  Sentry  
  71  6:16  Protoss Ground Weapons Level 1  
  75  6:21  Probe  
  76  6:31  Probe  
  77  6:33  Nexus, Probe  
  78  6:40  Warp Prism  
  80  7:02  Stalker  
  80  7:03  Stalker  
  80  7:07  Pylon  
  84  7:11  Pylon  
  84  7:15  Phoenix  
  86  7:26  Gateway  
  78  7:44  Zealot  
  78  7:45  Zealot  
  82  7:55  Immortal  
  86  8:06  Templar Archives  
  86  8:10  Charge  
  86  8:11  Protoss Ground Armor Level 1  
  86  8:14  Phoenix  
  86  8:19  Gateway  
  88  8:20  Pylon  
  88  8:23  Photon Cannon  
  88  8:28  Shield Battery  
  88  8:30  Protoss Ground Weapons Level 2  
  88  8:32  Probe x3  
  91  8:34  Immortal  
  91  8:36  Shield Battery  
  91  8:40  Shield Battery  
  91  8:41  Photon Cannon  
  95  8:43  Photon Cannon  
  95  8:44  Probe  
  95  8:46  Photon Cannon  
  96  8:49  Shield Battery  
  96  8:56  High Templar x2  
  96  8:57  High Templar  
  102  9:04  Gateway  
  102  9:05  Gateway  
  102  9:06  Psionic Storm  
  102  9:10  Gateway x2, Probe x3  
  105  9:36  Probe x3  
  108  9:48  Stalker x4  
  108  9:50  Blink  
  116  10:07  Zealot x3  
  116  10:08  Zealot  
  116  10:35  Zealot x3  
  120  10:36  Zealot  
  118  11:04  Immortal  
  118  11:09  High Templar  
  124  11:15  Assimilator  
  124  11:17  Assimilator  
  122  11:21  Pylon  
  122  11:23  Protoss Ground Armor Level 2  
  122  11:25  Pylon  
  122  11:27  Protoss Ground Weapons Level 3  
  122  11:32  Nexus  
  122  11:43  Immortal  
  122  11:46  High Templar x6  
  122  11:47  High Templar  
  139  11:51  Archon  
  139  11:53  Archon  
  137  11:58  Archon  
  127  12:23  Immortal  
  125  12:50  Nexus  
  125  12:53  High Templar  
  125  12:54  High Templar x3  
  133  13:00  Pylon  
  133  13:03  Pylon  
  133  13:05  Pylon  
  133  13:07  Gateway  
  133  13:08  Gateway  
  128  13:40  High Templar x2  
  128  13:41  High Templar x5  
  136  13:43  Shield Battery  
  136  13:44  Shield Battery  
  136  13:48  Shield Battery  
  142  13:49  Photon Cannon  
  142  13:50  Photon Cannon  
  142  13:52  Photon Cannon  
  142  13:54  Photon Cannon  
  142  13:56  Archon x2  
  103  14:36  Stalker x4  
  103  14:37  Stalker x5  
  119  14:42  Archon x2  
  119  14:47  Observer  
  118  15:01  Observer  
  115  15:52  High Templar x6  
  115  15:53  High Templar x3  
  133  15:58  Assimilator  
  133  16:02  Assimilator  
  133  16:09  Nexus  
  133  16:12  Pylon  
  133  16:14  Pylon  
  133  16:30  Photon Cannon  
  133  16:33  Photon Cannon  
  133  16:35  Shield Battery, Photon Cannon  
  133  16:37  Shield Battery  
  133  16:38  Photon Cannon  
  133  16:41  Shield Battery  
  133  16:42  Shield Battery  
  133  16:44  Zealot x2, Photon Cannon x2  
  133  16:45  Zealot x5  
  133  16:46  Zealot, Photon Cannon  
  149  16:48  Photon Cannon  
  149  16:51  Photon Cannon  
  149  16:55  Photon Cannon  
  149  16:57  Photon Cannon  
  149  17:01  Photon Cannon  
Tags
 
Add a new tag
Caveats
  • Supply blocks, unpowered buildings, or Contaminate may cause inaccurate times.
  • Supply counts are checked every 10 seconds.